 Dungeon Crawl Stone Soup version 0.27-a0-1084-g78b3836a5f (webtiles) character file.

Game seed: 9823815333035597744

3 1player the Skirmisher (level 1, -3/18 HPs)
             Began as a Formicid Abyssal Knight on Apr 26, 2021.
             Was an Initiate of Lugonu.
             Slain by a kobold
             ... wielding a +0 short sword
              (6 damage)
             ... on level 1 of the Dungeon.
             The game lasted 00:01:26 (281 turns).

1player the Skirmisher (Formicid Abyssal Knight)     Turns: 281, Time: 00:01:26

Health: -3/18      AC:  3    Str: 16    XL:     1   Next: 55%
Magic:  2/2        EV: 11    Int: 11    God:    Lugonu [......]
Gold:   13         SH:  0    Dex: 10    Spells: 0/0 levels left

rFire    . . .     SeeInvis +   a - +1 mace
rCold    . . .     Faith    .   (no shield)
rNeg     . . .     Spirit   .   b - +0 leather armour
rPois    .         Reflect  .   (helmet unavailable)
rElec    .         Harm     .   (no cloak)
rCorr    .         Rampage  .   (no gloves)
Will     .....                  (no boots)
Stlth    +.........             d - amulet of magic regeneration
HPRegen  0.06/turn              (no ring)
MPRegen  0.33/turn              (no ring)

@: no status effects
A: permanent stasis, dig shafts and tunnels, antennae 3, four strong arms
a: Dig, Shaft Self, Renounce Religion


You were on level 1 of the Dungeon.
You worshipped Lugonu.
Lugonu was noncommittal.
You visited 1 branch of the dungeon, and saw 1 of its levels.
You visited the Abyss 1 time.

You collected 13 gold pieces.

Inventory:

Hand Weapons
 a - a +1 mace (weapon)
Missiles
 c - 21 sling bullets
Armour
 b - a +0 leather armour (worn)
Jewellery
 d - an amulet of magic regeneration (around neck)
Scrolls
 e - a scroll of noise {unknown}
Potions
 f - a potion of heal wounds {unknown}
 g - a potion of brilliance {unknown}


   Skills:
 - Level 3.2 Fighting
 * Level 2.2 Maces & Flails
 - Level 2.1 Armour
 - Level 0.8 Dodging
 + Level 0.5 Stealth
 - Level 2.1 Invocations


You couldn't memorise any spells.
You didn't know any spells.
Your spell library was empty.

Dungeon Overview and Level Annotations

Branches:
Dungeon (1/15)

Altars:


Innate Abilities, Weirdness & Mutations

You cannot be hasted, slowed, berserked, paralysed or teleported.
You can dig through walls and to a lower floor.
You have a pair of large antennae on your head. (SInv)
Your four strong arms can wield two-handed weapons with a shield.


Message History

The ball python is severely wounded.
The ball python bites you. The ball python barely misses you. x3
There is an open door here.
You hit the ball python but do no damage.
The ball python is severely wounded.
The ball python bites you. The ball python misses you.
The ball python bites you but does no damage.
The ball python closely misses you.
You hit the ball python.
You kill the ball python!
Lugonu accepts your kill.
You barely miss the kobold. The kobold barely misses you.
The kobold hits you with a +0 short sword.
You closely miss the kobold.
The kobold hits you with a +0 short sword.
You are too injured to fight recklessly!
You are too injured to fight recklessly!
You hit the kobold but do no damage.
The kobold hits you with a +0 short sword.
You barely miss the kobold. The kobold barely misses you.
Okay, then.
The kobold throws a stone.
The stone closely misses you.
The kobold throws a stone.
The stone hits you.
* * * LOW HITPOINT WARNING * * *
The kobold throws a stone.
The stone hits you but does no damage.
You extend your mandibles.
You dig through the rock wall.
The kobold throws a stone.
The stone hits you but does no damage.
You retract your mandibles.
You closely miss the kobold. The kobold closely misses you.
You closely miss the kobold.
The kobold hits you with a +0 short sword.
* * * LOW HITPOINT WARNING * * *
Press: ? - help, v - describe, . - travel
Here: a kobold, wielding a +0 short sword and quivering stones The floor.
Okay, then.
Are you sure you want to shaft yourself?
The kobold hits you with a +0 short sword.
You die...

.............
#......# #......#
......# #......#
.....# ####'###
##....# ##..#.# .
#.....####.#.#K# ..
#.....##...#.#.#
..###.....#..<.#@#.#
..........'#...#.K.#
..........'####8.#.#
.........##.####.#.#
{
........####....##.#
###.....#
#######'###+##..
###...#
#..............
##...#
#............##
#....#
#..........[.#


You could see a kobold.

Vanquished Creatures
  A ball python (D:1)
  2 kobolds (D:1)
3 creatures vanquished.

Notes
Turn   | Place    | Note
-------+----------+-------------------------------------------
     0 | Abyss:1  | 1player the Formicid Abyssal Knight began the quest for the
                  | Orb.
     0 | Abyss:1  | Reached XP level 1. HP: 18/18 MP: 2/2
    78 | Abyss:1  | Noticed an apocalypse crab
    85 | Abyss:1  | Noticed a large abomination
    95 | D:1      | Escaped the Abyss
   281 | D:1      | Slain by a kobold

Illustrated notes

Levels and vault maps discovered:
D:1:      saegor_arrival_simple_e, layout_basic, serial_shops, shop,
          chequers_ecumenical_altar_lobes

Action                   || total
-------------------------++-------
Melee: Mace              ||    16
Invok: Depart the Abyss  ||     1
 Abil: Dig               ||     1
       Shaft Self        ||     1
Armor: Leather armour    ||     5
Dodge: Dodged            ||    12

Table legend: (Time is in decaauts)
 A = Elapsed time spent in this place.
 B = Non-inter-level travel time spent in this place.
 C = Inter-level travel time spent in this place.
 D = Time resting spent in this place.
 E = Time spent auto-exploring this place.
 F = Levels seen in this place.
 G = Mean time per level.
                   A        B        C        D        E       F      G
               +--------+--------+--------+--------+--------+-----+--------+
         Total |    285 |    285 |      0 |     76 |     70 |   2 |  142.5 |
       Dungeon |    190 |    190 |      0 |     76 |     44 |   1 |  190.0 |
         Abyss |     95 |     95 |      0 |      0 |     26 |   1 |   95.0 |
               +--------+--------+--------+--------+--------+-----+--------+

Top non-repeatable levels by time:
     D:1: 190 daAuts
 Abyss:1: 95 daAuts
